 Dungeon Crawl Stone Soup version 0.25-b1-39-g0d900dab71 (webtiles) character file.

Game seed: 2402987681926728892

1372 Gwenloh the Poker (level 8, -1/67 HPs)
             Began as a Merfolk Gladiator on June 7, 2020.
             Was a Follower of Cheibriados.
             Slain by Maggie
             ... wielding a +0 war axe of flaming
              (2 damage)
             ... on level 7 of the Dungeon.
             The game lasted 00:24:59 (6045 turns).

Gwenloh the Poker (Merfolk Gladiator)               Turns: 6045, Time: 00:24:59

Health: -1/67      AC:  5    Str: 16    XL:     8   Next: 65%
Magic:  7/10       EV: 17    Int:  9    God:    Cheibriados [*.....]
Gold:   537        SH:  0    Dex: 20    Spells: 7/7 levels left

rFire    . . .     SeeInvis .   a - +3 trident
rCold    . . .     Gourm    .   (no shield)
rNeg     . . .     Faith    .   b - +0 leather armour
rPois    .         Spirit   .   c - +1 helmet
rElec    .         Reflect  .   (no cloak)
rCorr    .         Harm     .   (no gloves)
MR       +....                  (no boots)
Stlth    ++........             (no amulet)
HPRegen  0.21/turn              t - ring of protection from magic
MPRegen  0.12/turn              l - ring of wizardry

@: very slow
A: change form in water, swift swim, stealthy swim
a: Bend Time, Renounce Religion


You were on level 7 of the Dungeon.
You worshipped Cheibriados.
Cheibriados was aware of your devotion.
You were hungry.

You visited 2 branches of the dungeon, and saw 8 of its levels.
You also visited: Ossuary.

You collected 537 gold pieces.

Inventory:

Hand Weapons
 a - a +3 trident (weapon)
Missiles
 d - 3 throwing nets
 g - 182 stones
 m - 6 poisoned darts (quivered)
 y - 5 javelins
Armour
 b - a +0 leather armour (worn)
 c - a +1 helmet (worn)
Jewellery
 l - a ring of wizardry (right hand)
 q - an uncursed ring of wizardry
 t - a ring of protection from magic (left hand)
 B - an uncursed ring of wizardry
Wands
 v - a wand of flame (21)
Scrolls
 e - 2 scrolls of fear
 i - 3 scrolls of teleportation
 o - a scroll of noise
 r - 2 scrolls of amnesia
 x - 3 scrolls of remove curse
Potions
 h - a potion of cancellation {unknown}
 j - 2 potions of might
 k - a potion of magic {unknown}
 n - a potion of curing {unknown}
 p - a potion of stabbing {unknown}
 s - a potion of lignification {unknown}
 u - 2 potions of heal wounds {unknown}
 w - 2 potions of invisibility {unknown}
 z - a potion of mutation {unknown}
Comestibles
 f - 10 rations


   Skills:
 * Level 7.3 Fighting
 + Level 7.7 Polearms
 + Level 4.5 Throwing
 + Level 7.1 Dodging
 + Level 2.8 Invocations


You had 7 spell levels left.
You didn't know any spells.
Your spell library was empty.

Dungeon Overview and Level Annotations

Branches:
Dungeon (7/15)             Temple (1/1) D:4         Ossuary (visited)

Altars:
Ashenzari
Cheibriados
Dithmenos
Elyvilon
Fedhas
Gozag
Hepliaklqana
Kikubaaqudgha
Makhleb
Nemelex Xobeh
Okawaru
Qazlal
Ru
Sif Muna
Trog
Uskayaw
Vehumet
Wu Jian
Xom
Yredelemnul
Zin
The Shining One

Annotations:
D:7 Maggie


Message History

Maggie seems to slow down.
You are feeling hungry.
You hit Maggie.
Maggie is heavily wounded.
Maggie misses you.
You puncture Maggie!
Maggie is severely wounded.
You closely miss Maggie.
Maggie is severely wounded.
Maggie hits you with a +0 war axe of flaming!!
Maggie burns you!
* * * LOW HITPOINT WARNING * * *
You hit Maggie.
Maggie is severely wounded.
You puncture Maggie!
Maggie is almost dead.
Maggie hits you with a +0 war axe of flaming!
* * * LOW HITPOINT WARNING * * *
Maggie burns you.
You die...

...# #..# #..#
#># #..# #.#
#..######.#####
#..(...@......#
##(######.###.#
##.###...# #.#
#.....@..# #.#
#..###@.># #.#
# ##### #.# ..#
##


You could see Maggie (strong, very poisoned, slow).

Vanquished Creatures
  Eustachio (D:4)
  A black bear (D:6)
  A phantom (D:6)
  A centaur (D:5)
  4 bullfrogs (D:6)
  A water moccasin skeleton (D:7)
  A howler monkey (D:4)
  A crimson imp (D:5)
  2 orc priests (D:5)
  3 centaur skeletons
  An orc wizard (D:3)
  3 worker ants
  2 big kobold zombies (Ossuary)
  A hound zombie (D:5)
  2 mummies (Ossuary)
  A worker ant zombie (D:2)
  9 adders
  A gnoll (D:1)
  An ooze (D:3)
  3 worms
  3 dart slugs
  5 leopard geckos
  18 orcs
  5 bats
  19 giant cockroaches
  5 gnoll zombies (Ossuary)
  11 goblins
  6 hobgoblins
  7 jackals
  3 quokkas
  A ball python (D:3)
  4 frilled lizards
  2 goblin zombies (Ossuary)
  4 hobgoblin zombies (Ossuary)
  A jackal skeleton (D:5)
  11 kobolds
  An orc zombie (Ossuary)
  6 rats
152 creatures vanquished.

Notes
Turn   | Place    | Note
-------+----------+-------------------------------------------
     0 | D:1      | Gwenloh the Merfolk Gladiator began the quest for the Orb.
     0 | D:1      | Reached XP level 1. HP: 16/16 MP: 1/1
   368 | D:1      | Reached XP level 2. HP: 22/23 MP: 2/2
   526 | D:1      | Reached XP level 3. HP: 10/29 MP: 3/3
   941 | D:1      | Reached skill level 5 in Polearms
  1300 | D:2      | Reached XP level 4. HP: 35/35 MP: 4/4
  1404 | D:2      | Found a sacrificial altar of Ru.
  2248 | D:3      | Reached XP level 5. HP: 42/42 MP: 5/5
  2322 | D:3      | Reached skill level 5 in Dodging
  2919 | D:3      | Found a faded altar of an unknown god.
  3172 | D:4      | Reached XP level 6. HP: 49/49 MP: 6/6
  3195 | D:4      | Noticed Eustachio
  3210 | D:4      | Killed Eustachio
  3210 | D:4      | Reached skill level 5 in Fighting
  3424 | D:4      | Reached XP level 7. HP: 56/56 MP: 7/7
  3848 | D:4      | Found a staircase to the Ecumenical Temple.
  3862 | Temple   | Entered the Ecumenical Temple
  3869 | Temple   | Became a worshipper of Cheibriados the Contemplative
  4150 | D:5      | Entered Level 5 of the Dungeon
  4304 | D:5      | Reached skill level 1 in Invocations
  4356 | D:5      | Found an iron altar of Okawaru.
  4502 | D:5      | Found a sand-covered staircase.
  4518 | Ossuary  | Entered an ossuary
  4608 | Ossuary  | Reached * piety under Cheibriados
  5196 | D:6      | Reached XP level 8. HP: 65/65 MP: 9/9
  5711 | D:6      | Found a glowing silver altar of Zin.
  5712 | D:6      | Found a shimmering blue altar of Sif Muna.
  5713 | D:6      | Found a sparkling altar of Nemelex Xobeh.
  6017 | D:7      | Noticed Maggie
  6045 | D:7      | HP: 1/67 [Maggie/+0 war axe of flaming (14)]
  6045 | D:7      | Slain by Maggie

Illustrated notes

Levels and vault maps discovered:
D:1:      dpeg_arrival_tiny_j, layout_basic, minmay_unequal
D:2:      minmay_roachtagon, layout_basic, first_ration,
          nicolae_ru_sacrificial_ziggurat
D:3:      layout_basic, chequers_ecumenical_altar_grove, serial_bayou_pond_b,
          minmay_misc_feat_ornament, kennysheep_generic_room_8
D:4:      layout_basic, minmay_temple_entry_glassed_door, grunt_ministairs_14,
          uniq_eustachio
D:5:      layout_cave_pools, okawaru_ov_weapons_minmay,
          nicolae_ossuary_entry_plus
D:6:      layout_cave_pools, gammafunk_temple_overflow_forgotten
D:7:      layout_loops_ring, uniq_crazy_yiuf_cottage, uniq_joseph, uniq_maggie
Temple:   nicolae_temple_no_exploring_needed

Skill      XL: |  1  2  3  4  5  6  7  8 |
---------------+-------------------------+-----
Fighting       | 3 4 5 6 7 |  7.3
Polearms       | 5 6 7 |  7.7
Dodging        | 5 6 7 |  7.1
Throwing       | 3 4 |  4.5
Invocations    | 1 2 |  2.8

Action                   |  1- 3 |  4- 6 |  7- 9 || total
-------------------------+-------+-------+-------++-------
Melee: Trident           |   111 |   159 |   207 ||   477
Throw: Stone             |    33 |     3 |    53 ||    89
       Dart              |     9 |    84 |    42 ||   135
       Throwing net      |       |     1 |     1 ||     2
       Javelin           |       |     5 |    22 ||    27
Invok: Bend Time         |       |       |     2 ||     2
  Use: Scroll            |       |     5 |     8 ||    13
 Stab: Sleeping          |       |     2 |     1 ||     3
  Eat: Chunk             |     1 |     7 |     6 ||    14
Armor: Leather armour    |    16 |    27 |    17 ||    60
Dodge: Dodged            |    50 |    87 |   132 ||   269
